 Dungeon Crawl Stone Soup version 0.27.0-1-g7a089689b8 (webtiles) character file.

Game seed: 14626094096561075920

56 Goaboa the Grasshopper (level 4, -2/34 HPs)
             Began as a Human Warper on Aug 9, 2021.
             Slain by an orc priest (3 damage)
             ... on level 4 of the Dungeon.
             The game lasted 00:07:50 (2055 turns).

Goaboa the Grasshopper (Human Warper)               Turns: 2055, Time: 00:07:51

Health: -2/34      AC:  5    Str: 10 (11) XL:     4   Next: 15%
Magic:  7/7        EV: 12    Int: 11 (13) God:
Gold:   21         SH:  5    Dex: 13 (14) Spells: 5/7 levels left

rFire    . . .     SeeInvis .   a - +0 falchion
rCold    . . .     Faith    .   (no shield)
rNeg     . . .     Spirit   .   b - +0 leather armour
rPois    .         Reflect  +   g - +0 helmet
rElec    .         Harm     .   (no cloak)
rCorr    .         Rampage  .   (no gloves)
Will     .....                  k - +0 pair of boots
Stlth    +.........             h - amulet of reflection
HPRegen  0.11/turn              (no ring)
MPRegen  0.10/turn              (no ring)

@: no status effects
A: no striking features
a: no special abilities


You were on level 4 of the Dungeon.
You visited 1 branch of the dungeon, and saw 4 of its levels.

You collected 21 gold pieces.

Inventory:

Hand Weapons
 a - a +0 falchion (weapon)
Missiles
 d - 4 boomerangs of dispersal (quivered)
Armour
 b - a +0 leather armour (worn)
 g - a +0 helmet (worn)
 k - a +0 pair of boots (worn)
Jewellery
 h - an amulet of reflection (around neck)
Scrolls
 c - a scroll of blinking
 e - a scroll of noise {unknown}
 i - a scroll of immolation {unknown}
 l - a scroll of identify {unknown}
 m - a scroll of magic mapping {unknown}
Potions
 f - a potion of curing
 j - a potion of degeneration


   Skills:
 + Level 2.3 Fighting
 + Level 2.4 Long Blades
 - Level 1.0 Throwing
 + Level 1.6 Armour
 * Level 2.6 Dodging
 + Level 2.2 Spellcasting
 + Level 3.3 Translocations


You had 5 spell levels left.
You knew the following spells:

 Your Spells              Type           Power      Damage    Failure   Level
a - Blink                 Tloc           N/A        N/A       14%         2

Your spell library contained the following spells:

 Spells                   Type           Power      Damage    Failure   Level
 Gell's Gravitas          Tloc           4%         N/A       28%         3
 Lesser Beckoning         Tloc           4%         N/A       28%         3
 Teleport Other           Tloc           8%         N/A       28%         3
 Manifold Assault         Tloc           8%         N/A       95%         5


Dungeon Overview and Level Annotations

Branches:
Dungeon (4/15)
 Temple: D:4-7

Altars:

Annotations:
D:2 Sigmund


Message History

The orc priest closely misses you. The hobgoblin barely misses you.
You hit the orc priest but do no damage.
The orc priest is lightly wounded.
The orc priest hits you with a +0 flail.
The hobgoblin barely misses you.
You riposte.
You hit the hobgoblin but do no damage.
The orc priest hits you with a +0 flail.
You hit the orc priest but do no damage.
The orc priest is lightly wounded.
The hobgoblin barely misses you. You block the orc priest's attack.
You slash the orc priest!
The orc priest is heavily wounded.
The hobgoblin closely misses you.
You riposte.
You closely miss the hobgoblin. The orc priest misses you.
You barely miss the orc priest.
The orc priest is heavily wounded.
The hobgoblin hits you but does no damage.
The orc priest hits you with a +0 flail!
* * * LOW HITPOINT WARNING * * *
It was a potion of curing.
You feel better. The hobgoblin barely misses you.
The orc priest closely misses you.
You riposte.
You closely miss the orc priest.
The orc priest is heavily wounded.
It was a potion of degeneration.
There was something very wrong with that liquid.
You feel weakened.
You feel dopey.
You feel clumsy. You block the hobgoblin's attack.
The orc priest mumbles some strange prayers to Beogh against you.
Pain shoots through your body!
You hit the orc priest but do no damage.
The orc priest is heavily wounded.
You block the hobgoblin's attack.
The orc priest calls down the wrath of Beogh upon you.
Pain shoots through your body!
* * * LOW HITPOINT WARNING * * *
You closely miss the orc priest.
The orc priest is heavily wounded.
You block the hobgoblin's attack.
The orc priest hits you with a +0 flail.
You die...

### ...
#.# #.#
#######o##
.......@.#
#######g##
#.# #.#
#.# #.#
#.# #.#


You could see an orc priest and a hobgoblin.

Vanquished Creatures
  An adder (D:2)
  A dart slug (D:2)
  4 ball pythons (D:1)
  5 bats
  3 endoplasms (D:1)
  A giant cockroach (D:1)
  7 goblins
  2 hobgoblins (D:1)
  2 jackals (D:1)
  3 quokkas (D:1)
  5 frilled lizards
  A kobold (D:2)
  4 rats (D:1)
39 creatures vanquished.

Notes
Turn   | Place    | Note
-------+----------+-------------------------------------------
     0 | D:1      | Goaboa the Human Warper began the quest for the Orb.
     0 | D:1      | Reached XP level 1. HP: 16/16 MP: 3/3
   493 | D:1      | Reached XP level 2. HP: 22/22 MP: 5/5
  1012 | D:1      | Reached XP level 3. HP: 22/27 MP: 6/6
  1376 | D:1      | Learned a level 2 spell: Blink
  1617 | D:2      | Noticed Sigmund
  1779 | D:2      | Reached XP level 4. HP: 14/34 MP: 7/7
  2054 | D:4      | HP: 1/34 [orc priest/nerve-wracking pain (10)]
  2055 | D:4      | Slain by an orc priest

Illustrated notes

Levels and vault maps discovered:
D:1:      saegor_arrival_under_anarchy, layout_basic, minmay_hexomino_c4
D:2:      layout_basic, chequers_ecumenical_altar_grove, uniq_robin,
          uniq_sigmund
D:3:      layout_loops_ring, serial_shops, shop_fountains,
          gammafunk_ghost_nasty_kobolds, uniq_ijyb
D:4:      layout_basic, grunt_temple_overflow_open

Action                   |  1- 3 |  4- 6 || total
-------------------------+-------+-------++-------
Melee: Falchion          |   133 |    31 ||   164
Throw: Boomerang         |     1 |       ||     1
  Use: Potion            |       |     2 ||     2
Armor: Leather armour    |    27 |    19 ||    46
Dodge: Dodged            |    91 |    26 ||   117
Block: Other             |    14 |    11 ||    25
       Rpst.: Falchion   |    29 |     9 ||    38
